 Dungeon Crawl Stone Soup version 0.16-a0-286-g6bac339 (webtiles) character file.

5607 Kashira the Cloud Mage (level 10, -2/52 (53) HPs)
             Began as a Tengu Air Elementalist on Aug 28, 2014.
             Was an Elder of Qazlal.
             Killed from afar by a death drake (shapeshifter) (17 damage)
             ... with a foul vapour
             ... on Level 8 of the Dungeon.
             The game lasted 01:41:31 (11454 turns).

Kashira the Cloud Mage (Tengu Air Elementalist)    Turns: 11454, Time: 01:41:31

HP  -2/52 (53)   AC 10     Str 15      XL: 10   Next: 73%
MP  22/27        EV 15     Int 17      God: Qazlal [****..]
Gold 356         SH  5     Dex 15      Spells:  3 memorised, 17 levels left

rFire  . . .     SeeInvis .     i - +2 short sword (protect)
rCold  + . .     Clarity  .     d - +2 robe {rC+}
rNeg   . . .     rCorr    .     (no shield)
rPois  .         rRot     .     (helmet restricted)
rElec  .         Spirit   .     w - +0 cloak (curse)
SustAb .         Warding  .     (no gloves)
rMut   +         Stasis   .     (boots unavailable)
Gourm  .                        p - amulet of resist mutation
MR     .....                    (no ring)
                                (no ring)

@: mighty, lethally poisoned, slowed, repel missiles, very slow, not resistant
to hostile enchantments, unstealthy
A: able to fly, beak, talons 3
a: Fly, Upheaval, Elemental Force, Renounce Religion


You were on level 8 of the Dungeon.
You worshipped Qazlal.
Qazlal was greatly pleased with you.
You were very hungry.

You visited 2 branches of the dungeon, and saw 9 of its levels.
You also visited: Ossuary.

You collected 356 gold pieces.

Inventory:

Hand weapons
 f - a -2 scimitar
 i - a +2 short sword of protection (weapon)
Armour
 a - a +0 robe
 d - a +2 robe of cold resistance (worn)
 o - a +1 cloak
 r - a +0 ring mail of magic resistance
 w - a cursed +0 cloak (worn)
Magical devices
 s - a wand of fireball (0)
 y - a wand of hasting (3)
 A - a wand of slowing (7)
Comestibles
 c - 2 bread rations
 g - 3 fruits
 j - a slice of pizza
 q - 2 beef jerkies
 G - 2 chunks of gnoll flesh
 H - 2 chunks of gnoll flesh
Scrolls
 h - 2 scrolls of enchant weapon
 k - 2 scrolls of amnesia
 D - a scroll of remove curse
Jewellery
 n - a cursed amulet of stasis
 p - an amulet of resist mutation (around neck)
 C - a cursed ring of loudness {unknown}
Potions
 e - a potion of brilliance {unknown}
 l - a potion of mutation
 m - 2 potions of porridge
 u - 4 potions of haste
 v - a potion of magic
 x - a potion of flight
Books
 b - a book of Air

   Spells                             Type                      Level
   *Shock                             Conjuration/Air              1
   *Swiftness                         Charms/Air                   2
   Repel Missiles                     Charms/Air                   2
   Flight                             Charms/Air                   3
   Static Discharge                   Conjuration/Air              3
   *Lightning Bolt                    Conjuration/Air              5
Magical staves
 E - an uncursed staff of earth {unknown}


   Skills:
 + Level 2.1 Fighting
 + Level 0.4 Short Blades
 + Level 1.3 Throwing
 + Level 5.0 Dodging
 + Level 3.5 Stealth
 + Level 8.3 Spellcasting
 + Level 10.5 Conjurations
 + Level 0.2 Charms
 + Level 11.2 Air Magic
 + Level 1.6 Evocations


You had 17 spell levels left.
You knew the following spells:

 Your Spells              Type           Power        Failure   Level  Hunger
a - Shock                 Conj/Air       ####         1%          1    None
b - Swiftness             Chrm/Air       ####....     1%          2    None
c - Lightning Bolt        Conj/Air       #####.....   4%          5    #####..


Dungeon Overview and Level Annotations

Branches:
Dungeon (8/15)             Temple (1/1) D:5
   Lair: D:8-11

Altars:
Ashenzari
Cheibriados
Dithmenos
Elyvilon
Gozag
Makhleb
Nemelex Xobeh
Okawaru
Qazlal
Sif Muna
Trog
Xom
Yredelemnul
The Shining One

Annotations:
D:5 Poody's ghost, experienced MfGl
D:6 Menkaure


Innate Abilities, Weirdness & Mutations

You can fly.
You have a beak for a mouth.
You have claws for feet.


Message History

You are engulfed in dark miasma.
You are more poisoned.
You feel sick. The death drake bites you.
Casting: Lightning Bolt
Confirm with . or Enter, or press ? or * to list all spells.
Aiming: Lightning Bolt
Press: ? - help, Shift-Dir - straight line, f - death drake
Aim: a death drake (catching its breath)
You hear a mighty clap of thunder!
The bolt of lightning hits the death drake.
The death drake is heavily wounded.
You are engulfed in dark miasma.
You are more poisoned.
You feel yourself slow down.
* * * LOW HITPOINT WARNING * * *
You feel very sick. The death drake breathes miasma at you.
The foul vapour hits you!
You are more poisoned.
You die...

###
#.#####################
#..§§k@................
#/#####################
#.# #)# ######)####
#.........# ...
#.........#......#
#.........#......#
##.........#......+


You could see a death drake.

Vanquished Creatures
  A centaur warrior (D:8)
  A hill giant (D:8)
  A mermaid (shapeshifter) (D:8)
  A two-headed ogre (D:8)
  A polar bear (D:8)
  A wolf (D:8)
  A hippogriff (D:7)
  3 orc warriors
  2 ice beasts (D:8)
  A black bear (D:7)
  2 sky beasts
  2 necrophages
  2 phantoms (D:6)
  2 ogres
  2 centaurs
  3 giant frogs
  4 water moccasin zombies (Ossuary)
  3 scorpions
  A yak skeleton (D:8)
  4 hounds
  A goliath beetle (D:7)
  4 crimson imps
  6 orc priests
  3 jellies
  Natasha (D:3)
  An iguana (D:8)
  6 orc wizards
  5 worker ants
  3 big kobold zombies (Ossuary)
  A sky beast zombie (D:8)
  3 mummies
  A worker ant zombie (D:5)
  9 adders
  7 gnolls (D:8)
  5 orc zombies
  A giant mite (D:1)
  An ogre simulacrum (D:8)
  2 shadow imps (D:7)
  3 worms
  13 adder zombies
  5 giant geckos
  30 orcs
  A ball python (D:2)
  A bat skeleton (D:4)
  7 giant cockroaches
  12 goblins
  16 hobgoblins
  8 jackals
  12 kobolds
  7 quokkas
  11 bats
  6 giant newts
  2 gnoll zombies (Ossuary)
  6 hobgoblin zombies (Ossuary)
  3 kobold zombies (Ossuary)
  A quokka skeleton (D:7)
  A quokka zombie (D:6)
  13 rats
256 creatures vanquished.

Notes
Turn   | Place    | Note
--------------------------------------------------------------
     0 | D:1      | Kashira, the Tengu Air Elementalist, began the quest for the Orb.
     0 | D:1      | Reached XP level 1. HP: 10/10 MP: 3/3
   350 | D:1      | Reached XP level 2. HP: 15/15 MP: 0/5
   722 | D:1      | Reached XP level 3. HP: 19/19 MP: 0/7
  1074 | D:1      | Reached skill level 5 in Air Magic
  1074 | D:1      | Reached XP level 4. HP: 11/24 MP: 0/9
  2033 | D:2      | Reached XP level 5. HP: 28/28 MP: 4/11
  2449 | D:3      | Found an iron altar of Okawaru.
  2816 | D:3      | Noticed Natasha
  2820 | D:3      | Killed Natasha
  3196 | D:3      | Learned a level 2 spell: Swiftness
  3499 | D:3      | Found a shattered altar of Ashenzari.
  3626 | D:4      | Reached skill level 6 in Air Magic
  3626 | D:4      | Reached XP level 6. HP: 32/32 MP: 5/15
  3659 | D:5      | Entered Level 5 of the Dungeon
  4018 | D:5      | Noticed Poody's ghost (experienced MfGl)
  4230 | D:6      | Reached XP level 7. HP: 23/37 MP: 2/17
  4328 | D:6      | Reached skill level 5 in Conjurations
  4417 | D:6      | Reached skill level 1 in Fighting
  4647 | D:6      | Reached skill level 7 in Air Magic
  4815 | D:6      | Found an opulent altar of Gozag.
  4815 | D:6      | Found a burning altar of Makhleb.
  5059 | D:5      | Found a staircase to the Ecumenical Temple.
  5069 | Temple   | Entered the Ecumenical Temple
  5092 | Temple   | Became a worshipper of Qazlal Stormbringer
  5840 | D:5      | Reached XP level 8. HP: 37/43 MP: 15/21
  6317 | D:4      | Acquired Qazlal's first power
  6549 | D:6      | Reached skill level 5 in Spellcasting
  6584 | D:6      | Reached skill level 8 in Air Magic
  6621 | D:6      | Noticed Menkaure
  7526 | D:7      | Found a sand-covered staircase.
  7553 | Ossuary  | Entered an ossuary
  7632 | Ossuary  | Reached XP level 9. HP: 40/47 MP: 7/24
  7636 | Ossuary  | Reached skill level 9 in Air Magic
  8026 | Ossuary  | Acquired Qazlal's second power
  8522 | Ossuary  | Learned a level 5 spell: Lightning Bolt
  9112 | D:7      | Acquired Qazlal's third power
  9121 | D:7      | Reached skill level 1 in Throwing
  9326 | D:7      | Found a white marble altar of Elyvilon.
  9326 | D:7      | Noticed an angel
  9733 | D:6      | Reached skill level 10 in Air Magic
 10166 | D:8      | Reached XP level 10. HP: 50/52 MP: 19/26
 10398 | D:8      | Noticed a hill giant
 10409 | D:8      | Killed a hill giant
 10409 | D:8      | Reached skill level 1 in Evocations
 10620 | D:8      | Reached skill level 10 in Conjurations
 10756 | D:8      | Noticed a mermaid
 10772 | D:8      | Killed a mermaid
 11091 | D:8      | Found a snail-covered altar of Cheibriados.
 11092 | D:8      | Found a shimmering altar of Xom.
 11095 | D:8      | Found a bloodstained altar of Trog.
 11380 | D:8      | Reached skill level 11 in Air Magic
 11390 | D:8      | Noticed a centaur warrior
 11416 | D:8      | Killed a centaur warrior
 11416 | D:8      | Acquired Qazlal's fourth power
 11416 | D:8      | Reached skill level 5 in Dodging
 11450 | D:8      | Noticed a death drake
 11454 | D:8      | Killed from afar by a death drake (shapeshifter)

Action                   |  1- 3 |  4- 6 |  7- 9 | 10-12 || total
-------------------------+-------+-------+-------+-------++-------
Melee: Short sword       |    13 |    18 |    15 |     3 ||    49
       Scimitar          |       |       |    27 |       ||    27
Throw: Tomahawk          |       |       |    12 |       ||    12
 Cast: Shock             |    43 |   186 |   387 |   123 ||   739
       Swiftness         |       |     1 |     3 |       ||     4
       Lightning Bolt    |       |       |    14 |    19 ||    33
Evoke: Wand              |       |       |     6 |     4 ||    10
  Use: Potion            |       |     5 |     2 |     6 ||    13
       Scroll            |       |     5 |    13 |     2 ||    20
  Eat: Chunk             |     1 |    10 |     8 |     9 ||    28
       Bread ration      |       |       |     3 |       ||     3
